 Dungeon Crawl Stone Soup version 0.26-a0-665-gefeb406119 (webtiles) character file.

Game seed: 11631724187653365429

249 jasper the Grave Robber (level 5, -2/41 HPs)
             Began as a Palentonga Necromancer on Oct 13, 2020.
             Was an Initiate of Cheibriados.
             Slain by an ogre
             ... wielding a +0 giant club
              (24 damage)
             ... on level 4 of the Dungeon.
             The game lasted 00:07:09 (4481 turns).

jasper the Grave Robber (Palentonga Necromancer)    Turns: 4481, Time: 00:07:10

Health: -2/41      AC:  7    Str: 11 (13) XL:     5   Next: 86%
Magic:  0/8        EV: 10    Int: 15 (17) God:    Cheibriados [......]
Gold:   167        SH:  0    Dex: 10 (11) Spells: 3/8 levels left

rFire    + . .     SeeInvis +     - Unarmed
rCold    . . .     Faith    .   (no shield)
rNeg     . . .     Spirit   .   a - +0 robe
rPois    .         Reflect  .   m - +0 helmet
rElec    .         Harm     .   e - +0 cloak
rCorr    .         Rampage  .   f - +0 pair of gloves
MR       .....     Rnd*Rage +   (no barding)
Stlth    +.........             (no amulet)
HPRegen  0.13/turn              (no ring)
MPRegen  0.11/turn              (no ring)

@: very slow
A: large, rugged brown scales 3, see invisible, berserk 1, deformed body, fire
resistance 1, MP-powered wands, roll, armoured tail
a: Rolling Charge, Bend Time, Renounce Religion


You were on level 4 of the Dungeon.
You worshipped Cheibriados.
Cheibriados was noncommittal.
You visited 2 branches of the dungeon, and saw 5 of its levels.

You collected 167 gold pieces.

Inventory:

Missiles
 c - 6 silver javelins
 h - 5 boomerangs (quivered)
Armour
 a - a +0 robe (worn)
 d - a +0 leather armour
 e - a +0 cloak (worn)
 f - a +0 pair of gloves (worn)
 m - a +0 helmet (worn)
Jewellery
 q - an uncursed ring of wizardry {unknown}
Wands
 r - a wand of random effects (14)
Scrolls
 b - 4 scrolls of teleportation {unknown}
 g - 7 scrolls of identify {unknown}
 i - 2 scrolls of blinking {unknown}
 k - a scroll of noise {unknown}
 l - 2 scrolls of remove curse {unknown}
 n - a scroll of random uselessness {unknown}
Potions
 j - 2 potions of flight


   Skills:
 + Level 0.4 Fighting
 + Level 1.7 Dodging
 - Level 1.2 Stealth
 - Level 2.0 Unarmed Combat
 - Level 2.0 Spellcasting
 * Level 6.7 Necromancy


You had 3 spell levels left.
You knew the following spells:

 Your Spells              Type           Power        Failure   Level
a - Pain                  Necr           ###.         1%          1
b - Animate Skeleton      Necr           ###...       1%          1
c - Vampiric Draining     Necr           ###.......   4%          3

Your spell library contained the following spells:

 Spells                   Type           Power        Failure   Level
 Animate Dead             Necr           ###.......   14%         4
 Agony                    Necr           ###.....     36%         5


Dungeon Overview and Level Annotations

Branches:
Dungeon (4/15)             Temple (1/1) D:4

Altars:
Ashenzari
Cheibriados
Elyvilon
Gozag
Kikubaaqudgha
Nemelex Xobeh
Qazlal
Ru
Trog
Uskayaw
Wu Jian
Yredelemnul
Zin

Annotations:
D:3 Eustachio
D:4 1 runed translucent door, Crazy Yiuf, Natasha


Innate Abilities, Weirdness & Mutations

You are completely covered in rugged brown scales. (AC +3, +7% HP)
You have supernaturally acute eyesight. (SInv)
Armour fits poorly on your strangely shaped body.
You can roll at foes to attack.
You have a long armoured tail.
You tend to lose your temper in combat.
Your flesh is heat resistant. (rF+)
You expend magic power (3 MP) to strengthen your wands.


Message History

The hound barely misses you. The ogre hits you with a +0 giant club.
You take 1 damage, and have 22/40 hp.
The hound closely misses you.
Casting: Pain (safe; 1% risk of failure)
Confirm with . or Enter, or press ? or * to list all spells.
Aiming: Pain (safe; 1% risk of failure)
Press: ? - help, Shift-Dir - straight line, f/p - ogre
Aim: an ogre, wielding a +0 giant club (moderately wounded, chance to defeat MR: 80%)
The hound writhes in agony.
You kill the hound!
Cheibriados thoroughly appreciates the change of pace.
You feel your dexterity returning.
You take 1 damage, and have 21/41 hp.
You now have 0/8 mp.
You hit the ogre.
The ogre is heavily wounded.
The ogre barely misses you.
Your magical contamination has completely faded away.
The ogre hits you with a +0 giant club!!
Ouch! That really hurt!
You die...

#.....#.# +........
#......# #......
######....##
#....#.....# ####
####....#.....# ....
.........O@...# #..#
.........##...#
###..#
.........##...##
......
.........##....##
....
.........##..#..##
...
.........#...#...##
#+#.
............###...##
#.##
###+####...........##
#.## #...#.....#...##
#.##


You could see an ogre.

Vanquished Creatures
  An ogre (D:4)
  A hound (D:4)
  An iguana (D:4)
  2 adders (D:2)
  2 oozes
  A worm (D:2)
  A dart slug (D:1)
  A leopard gecko (D:3)
  3 orcs (D:3)
  5 giant cockroaches
  5 goblins
  6 hobgoblins
  8 jackals
  10 kobolds
  2 quokkas (D:3)
  A ball python (D:1)
  7 bats
  2 frilled lizards
  11 rats
70 creatures vanquished.

Vanquished Creatures (collateral kills)
  A worm (D:2)
1 creature vanquished.

Grand Total: 71 creatures vanquished

Notes
Turn   | Place    | Note
-------+----------+-------------------------------------------
     0 | D:1      | jasper the Palentonga Necromancer began the quest for the
                  | Orb.
     0 | D:1      | Reached XP level 1. HP: 14/14 MP: 3/3
   165 | D:1      | Reached skill level 1 in Unarmed Combat
   319 | D:1      | Reached XP level 2. HP: 14/21 MP: 5/5
   414 | D:1      | Learned a level 1 spell: Animate Skeleton
   816 | D:2      | Found a broken altar of Ashenzari.
  1278 | D:2      | Found an opulent altar of Gozag.
  1331 | D:2      | Reached XP level 3. HP: 27/27 MP: 6/6
  1600 | D:2      | Reached skill level 5 in Necromancy
  1632 | D:2      | Learned a level 3 spell: Vampiric Draining
  1862 | D:2      | Reached XP level 4. HP: 28/35 MP: 7/7
  2244 | D:2      | Noticed a moth of wrath
  2247 | D:2      | Found a bloodstained altar of Trog.
  3487 | D:4      | Noticed Eustachio
  3506 | D:3      | Gained mutation: You expend magic power (3 MP) to
                  | strengthen your wands. [potion of mutation]
  3506 | D:3      | Gained mutation: You tend to lose your temper in combat.
                  | [potion of mutation]
  3506 | D:3      | Gained mutation: Your flesh is heat resistant. (rF+)
                  | [potion of mutation]
  3855 | D:2      | You fall into a shaft and drop 1 floor!
  3880 | D:4      | Found an ancient bone altar of Kikubaaqudgha.
  3907 | D:4      | Noticed Natasha
  3961 | D:4      | Noticed an ogre
  3988 | D:4      | Killed an ogre
  3988 | D:4      | Reached skill level 6 in Necromancy
  3988 | D:4      | Reached XP level 5. HP: 19/40 MP: 0/8
  4189 | D:4      | Found a runed translucent door.
  4190 | D:4      | Noticed Crazy Yiuf
  4210 | D:4      | Found a staircase to the Ecumenical Temple.
  4219 | Temple   | Entered the Ecumenical Temple
  4430 | Temple   | Became a worshipper of Cheibriados the Contemplative
  4468 | D:4      | Noticed an ogre
  4481 | D:4      | Slain by an ogre

Illustrated notes

Levels and vault maps discovered:
D:1:      minmay_arrival_split_and_join, layout_rooms
D:2:      layout_rooms, nicolae_overflow_hidden_temple, grunt_gozag_breadcrumbs,
          tgw_trog
D:3:      minmay_spotlight, layout_basic
D:4:      minmay_razor_zed, layout_basic, lemuel_round_altar,
          lemuel_blue_sif_altar, minmay_temple_entry_tees, uniq_natasha,
          uniq_eustachio, uniq_edmund, uniq_crazy_yiuf_cottage, uniq_purgy
Temple:   compressed_dpeg_triangle_lava_temple

Skill      XL: |  1  2  3  4 |
---------------+-------------+-----
Unarmed Combat | 1 2 |  2.0
Necromancy     | 5 6 |  6.7
Fighting       | |  0.4
Dodging        | |  1.7
Stealth        | |  1.2
Spellcasting   | |  2.0

Action                   |  1- 3 |  4- 6 || total
-------------------------+-------+-------++-------
Melee: Unarmed           |    82 |    68 ||   150
       Tailslap          |     5 |     5 ||    10
       Punch             |     1 |     1 ||     2
Throw: Javelin           |     1 |       ||     1
       Boomerang         |    25 |    25 ||    50
 Cast: Pain              |    33 |    40 ||    73
       Vampiric Draining |       |     4 ||     4
       Animate Skeleton  |       |     2 ||     2
 Abil: Rolling Charge    |       |     1 ||     1
Evoke: Wand              |       |     2 ||     2
  Use: Potion            |     2 |     5 ||     7
 Stab: Sleeping          |       |     2 ||     2
Armor: Robe              |    36 |    43 ||    79
Dodge: Dodged            |    57 |    50 ||   107

Table legend: (Time is in decaauts)
 A = Elapsed time spent in this place.
 B = Non-inter-level travel time spent in this place.
 C = Inter-level travel time spent in this place.
 D = Time resting spent in this place.
 E = Time spent auto-exploring this place.
 F = Levels seen in this place.
 G = Mean time per level.
                   A        B        C        D        E       F      G
               +--------+--------+--------+--------+--------+-----+--------+
         Total |   4486 |   4338 |    148 |   1226 |   2347 |   5 |  897.2 |
       Dungeon |   4251 |   4124 |    127 |   1226 |   2164 |   4 | 1062.8 |
        Temple |    234 |    213 |     21 |      0 |    183 |   1 |  234.0 |
               +--------+--------+--------+--------+--------+-----+--------+

Top non-repeatable levels by time:
     D:2: 1375 daAuts
     D:3: 1251 daAuts
     D:1: 1182 daAuts
     D:4: 442 daAuts
  Temple: 234 daAuts
